 Dungeon Crawl Stone Soup version 0.17-a0-1411-g06ff558 (webtiles) character file.

2531 nono the Protected (level 9, -1/62 HPs)
             Began as a Gargoyle Fighter on June 23, 2015.
             Slain by an orc warrior
             ... wielding a +0 trident
              (7 damage)
             ... on level 7 of the Dungeon.
             The game lasted 00:16:05 (6990 turns).

nono the Protected (Gargoyle Fighter)               Turns: 6990, Time: 00:16:06

Health: -1/62      AC: 25    Str: 20    XL:     9   Next: 55%
Magic:  9/9        EV:  5    Int:  9    God:
Gold:   430        SH:  9    Dex: 12    Spells: 0 memorised, 8 levels left

rFire  . . .     SeeInvis .     v - +5 flail (protect)
rCold  . . .     Clarity  .     B - +1 chain mail {rPois}
rNeg   + . .     SustAt   .     c - +0 shield
rPois  ∞         Gourm    .     A - +1 helmet
rElec  +         Spirit   .     (no cloak)
rCorr  .         Warding  .     (no gloves)
rMut   .         Stasis   .     (no boots)
MR     .....                    (no amulet)
Stlth  ..........               (no ring)
                                G - ring of wizardry

@: not resistant to hostile enchantments, extremely unstealthy
A: negative energy resistance 1, electricity resistance, unbreathing,
petrification resistance, rot immunity, AC +5
a: no special abilities


You were on level 7 of the Dungeon.
You were not hungry.

You visited 1 branch of the dungeon, and saw 7 of its levels.

You collected 430 gold pieces.

Inventory:

Hand weapons
 a - a +0 flail
 v - a +5 flail of protection (weapon)
Armour
 b - a +0 scale mail
 c - a +0 shield (worn)
 d - a +0 scale mail
 i - a +0 chain mail of cold resistance
 r - a +0 chain mail
 A - a +1 helmet (worn)
 B - a +1 chain mail of poison resistance (worn)
Jewellery
 G - a ring of wizardry (left hand)
Magical devices
 t - a wand of flame (25)
 x - a wand of cold (7)
 y - a wand of teleportation (2)
 z - a wand of magic darts (30)
Scrolls
 f - 2 scrolls of magic mapping
 g - 2 scrolls of immolation
 h - 2 scrolls of remove curse
 j - 3 scrolls of identify {unknown}
 l - 4 scrolls of amnesia {unknown}
 m - 4 scrolls of enchant weapon
 n - 3 scrolls of fog
 o - 2 scrolls of teleportation {unknown}
 q - a scroll of fear {unknown}
 s - a scroll of recharging {unknown}
 C - a scroll of enchant armour {unknown}
 K - a scroll of noise {unknown}
Potions
 u - a potion of curing
 w - a potion of agility
 E - a potion of lignification {unknown}
 F - a potion of degeneration {unknown}
 H - 2 potions of beneficial mutation {unknown}
 J - a potion of berserk rage {unknown}
Comestibles
 e - 6 bread rations
 k - a slice of pizza
 p - 2 beef jerkies
 D - a meat ration
 I - 4 chunks of flesh


   Skills:
 + Level 10.2 Fighting
 - Level 2.0 Maces & Flails
 + Level 10.3 Armour
 - Level 3.2 Shields


You had 8 spell levels left.
You didn't know any spells.

Dungeon Overview and Level Annotations

Branches:
Dungeon (7/15)
 Temple: D:4-7

Altars:
Fedhas
Okawaru
Qazlal
Trog
Yredelemnul


Innate Abilities, Weirdness & Mutations

You are resistant to torment.
Your stone body is resilient (AC +5).
You are immune to poison.
You resist negative energy.
You are resistant to electric shocks.
You can survive without breathing.
You are immune to petrification.
You are immune to rotting.


Message History

The orc warrior is severely wounded.
The orc warrior hits you but does no damage.
You closely miss the orc warrior.
The orc warrior is severely wounded.
You block the orc warrior's attack. x2
You closely miss the orc warrior.
The orc warrior is severely wounded.
You block the orc warrior's attack.
You hit the orc warrior but do no damage.
The orc warrior is severely wounded.
The orc warrior hits you with a trident.
* * * LOW HITPOINT WARNING * * *
You barely miss the orc warrior.
The orc warrior is severely wounded.
The orc warrior hits you with a trident.
* * * LOW HITPOINT WARNING * * *
You closely miss the orc warrior.
The orc warrior is severely wounded.
The orc warrior hits you with a trident!
You die...

#.....## #......#
...# #......+ ...
+.....# ..##
#.)...#####..#
#..)).#......#
#..)..'.....##
#.....#......#
+.....##...@##
#.....##'###o#
#......#.)o..#
#......#....##
.....#......+.....#
.....+......#.....#
....##......#.....#
....##.....##.....#
....##.....##....##


You could see an orc warrior.

Vanquished Creatures
  Grinder (D:3)
  Sigmund (D:2)
  The ghost of nuthulu the Skirmisher, an average GrFi (D:5)
  Edmund (D:4)
  Duvessa (D:4)
  A black bear (D:6)
  Purgy (D:3)
  2 ogres (D:4)
  A centaur (D:5)
  A giant frog (D:7)
  Dowan (D:4)
  4 wights
  5 killer bees (D:7)
  A crimson imp (D:5)
  A gnoll shaman (D:5)
  3 orc priests
  3 orc wizards
  A hound (D:5)
  Terence (D:3)
  5 worker ants
  Natasha (thrice) (D:4)
  2 iguanas
  A hound zombie (D:6)
  2 worker ant zombies
  11 adders
  7 gnolls
  A shadow imp (D:3)
  An ooze (D:6)
  A worm (D:3)
  9 giant geckos
  16 orcs
  2 ball pythons (D:2)
  A bat skeleton (D:5)
  A bat zombie (D:6)
  8 giant cockroaches
  8 hobgoblins
  15 jackals
  11 kobolds
  6 quokkas
  23 bats
  A giant cockroach zombie (D:5)
  10 giant newts
  16 goblins
  13 rats
  A spectral orc (D:2)
206 creatures vanquished.

Notes
Turn   | Place    | Note
--------------------------------------------------------------
     0 | D:1      | nono the Gargoyle Fighter began the quest for the Orb.
     0 | D:1      | Reached XP level 1. HP: 14/14 MP: 1/1
   145 | D:1      | Reached XP level 2. HP: 14/19 MP: 2/2
   421 | D:1      | Reached XP level 3. HP: 22/24 MP: 3/3
   448 | D:1      | Reached skill level 4 in Fighting
  1005 | D:2      | Noticed Sigmund
  1006 | D:2      | Found an iron altar of Okawaru.
  1013 | D:2      | Killed Sigmund
  1013 | D:2      | Reached skill level 5 in Fighting
  1013 | D:2      | Reached skill level 5 in Armour
  1013 | D:2      | Reached XP level 4. HP: 14/31 MP: 4/4
  1013 | D:2      | Reached XP level 5. HP: 15/35 MP: 5/5
  1194 | D:2      | Found a bloodstained altar of Trog.
  1374 | D:2      | Reached XP level 6. HP: 40/40 MP: 6/6
  1583 | D:2      | Found a basalt altar of Yredelemnul.
  2030 | D:3      | Noticed Purgy
  2033 | D:3      | Noticed Terence
  2078 | D:3      | Killed Purgy
  2078 | D:3      | Reached skill level 6 in Fighting
  2079 | D:3      | HP: 2/41 [Terence/flail (6)]
  2421 | D:3      | Killed Terence
  2598 | D:3      | Noticed Grinder
  2640 | D:3      | Killed Grinder
  2640 | D:3      | Reached XP level 7. HP: 22/47 MP: 7/7
  2988 | D:4      | Reached skill level 7 in Fighting
  3190 | D:4      | Noticed Edmund
  3234 | D:4      | Killed Edmund
  3241 | D:4      | Reached XP level 8. HP: 30/53 MP: 8/8
  3513 | D:4      | Found a blossoming altar of Fedhas.
  3550 | D:4      | Noticed Duvessa
  3551 | D:4      | Noticed Dowan
  3563 | D:4      | Killed Duvessa
  3563 | D:4      | Reached skill level 8 in Fighting
  3578 | D:4      | Killed Dowan
  3848 | D:4      | Noticed Natasha
  3879 | D:4      | Killed Natasha
  4521 | D:5      | Entered Level 5 of the Dungeon
  4521 | D:5      | Found a stormy altar of Qazlal.
  4750 | D:5      | Noticed nuthulu's ghost (average GrFi)
  4757 | D:5      | Reached skill level 9 in Fighting
  4787 | D:5      | Killed nuthulu's ghost
  4787 | D:5      | Reached XP level 9. HP: 19/60 MP: 9/9
  4863 | D:4      | Noticed Natasha
  4866 | D:4      | Killed Natasha
  4869 | D:4      | Noticed Natasha
  4874 | D:4      | Killed Natasha
  6798 | D:7      | Reached skill level 10 in Fighting
  6798 | D:7      | Reached skill level 10 in Armour
  6990 | D:7      | Slain by an orc warrior

Vault maps used:
D:1:      minmay_arrival_split_and_join
D:2:      minitemple, yredelemnul_forgotten_temple_becter, grunt_decor_fettered,
          uniq_sigmund
D:3:      uniq_terence, uniq_purgy, uniq_grinder
D:4:      fedhas_altar_3, uniq_natasha, uniq_duvessa, uniq_crazy_yiuf_cottage,
          uniq_edmund
D:5:      nicolae_overflow_hidden_temple, first_bread, minmay_holes,
          minmay_misc_feat_square, serial_park_tiny_1
D:7:      lemuel_slime, temple_doors_e, grunt_dithmenos_smoke

Action                   |  1- 3 |  4- 6 |  7- 9 || total
-------------------------+-------+-------+-------++-------
Melee: Flail             |   138 |   223 |   515 ||   876
  Use: Potion            |     1 |     2 |     6 ||     9
       Scroll            |       |       |     5 ||     5
  Eat: Chunk             |       |     6 |    16 ||    22
